 Dungeon Crawl Stone Soup version 0.26.0-10-g1f06aea511 (webtiles) character file.

Game seed: 15310823373886279821

75 tsouns the Chopper (level 4, -1/37 HPs)
             Began as a Hill Orc Wanderer on Jan 21, 2021.
             Killed from afar by a white imp (4 damage)
             ... with a puff of frost
             ... summoned by Natasha
             ... on level 2 of the Dungeon.
             The game lasted 00:01:59 (1482 turns).

tsouns the Chopper (Hill Orc Wanderer)              Turns: 1482, Time: 00:02:00

Health: -1/37      AC:  9    Str: 13    XL:     4   Next: 31%
Magic:  4/4        EV:  9    Int: 15    God:
Gold:   93         SH:  0    Dex:  9    Spells: 3/3 levels left

rFire    . . .     SeeInvis .   l - +1 spear (freeze)
rCold    . . .     Faith    +   (no shield)
rNeg     . . .     Spirit   .   b - +2 scale mail
rPois    .         Reflect  .   (no helmet)
rElec    .         Harm     .   k - +0 cloak
rCorr    .         Rampage  .   (no gloves)
Will     .....                  (no boots)
Stlth    ..........             f - amulet of faith
HPRegen  0.12/turn              (no ring)
MPRegen  0.09/turn              (no ring)

@: mighty, slowed, very slow
A: no striking features
a: no special abilities


You were on level 2 of the Dungeon.
You visited 1 branch of the dungeon, and saw 2 of its levels.

You collected 93 gold pieces.

Inventory:

Hand Weapons
 a - a +0 spear
 l - a +1 spear of freezing (weapon)
Missiles
 g - 22 bolts
Armour
 b - a +2 scale mail (worn)
 k - a +0 cloak (worn)
Jewellery
 f - an amulet of faith (around neck)
Scrolls
 c - a scroll of teleportation
 d - 4 scrolls of identify {unknown}
 m - a scroll of random uselessness {unknown}
 n - a scroll of immolation {unknown}
Potions
 e - 2 potions of curing {unknown}
 h - a potion of attraction {unknown}
 i - 2 potions of heal wounds {unknown}
 j - 2 potions of might


   Skills:
 + Level 2.5 Fighting
 * Level 4.5 Axes
 - Level 1.0 Throwing
 + Level 2.3 Armour
 - Level 1.0 Dodging
 - Level 3.2 Unarmed Combat
 - Level 1.0 Evocations


You had 3 spell levels left.
You didn't know any spells.
Your spell library was empty.

Dungeon Overview and Level Annotations

Branches:
Dungeon (2/15)

Altars:

Annotations:
D:2 Natasha


Message History

You completely miss Natasha.
Natasha is moderately wounded.
Natasha claws you but does no damage.
The white imp hits you but does no damage.
Natasha claws you!
You closely miss Natasha.
Natasha is moderately wounded.
The white imp hits you. The white imp freezes you.
Natasha claws you but does no damage.
The white imp shouts, "Get thee gone, thou goatish unchin-snouted urchin!"
The white imp gestures at you. The puff of frost hits you!
* * * LOW HITPOINT WARNING * * *
It was a potion of might.
You feel very mighty all of a sudden. Natasha claws you!
* * * LOW HITPOINT WARNING * * *
The white imp gestures at you. The puff of frost hits you.
You die...

... ..# .... .... #.## #..#
..... ####..####..#
.....##.....#..?.###
...................#
..............####.###
......†.......# ..# ####
............h.# #.# #..>
.............@######.##..#
..............5.......#.######
..............######..........
.............## #...#####
.....##.....## ###..### #####
################....##
######## #..........##..#
#......# #.############.###
#......####.# #....


You could see Natasha and a white imp (summoned).

Vanquished Creatures
  Natasha (D:2)
  2 oozes (D:1)
  2 dart slugs (D:1)
  2 leopard geckos (D:1)
  3 ball pythons (D:1)
  3 giant cockroaches (D:1)
  5 goblins
  3 hobgoblins (D:1)
  4 jackals (D:2)
  A bat (D:1)
  3 kobolds (D:1)
  5 rats (D:1)
34 creatures vanquished.

Notes
Turn   | Place    | Note
-------+----------+-------------------------------------------
     0 | D:1      | tsouns the Hill Orc Wanderer began the quest for the Orb.
     0 | D:1      | tsouns set off with the following items: a +0 spear, a +2
                  | scale mail, a scroll of teleportation
     0 | D:1      | Reached XP level 1. HP: 16/16 MP: 1/1
   221 | D:1      | Reached skill level 3 in Axes
   285 | D:1      | Reached XP level 2. HP: 16/23 MP: 2/2
   657 | D:1      | Reached XP level 3. HP: 29/29 MP: 3/3
  1035 | D:1      | Reached skill level 4 in Axes
  1382 | D:2      | Noticed Natasha
  1391 | D:2      | Killed Natasha
  1392 | D:2      | Reached XP level 4. HP: 28/37 MP: 4/4
  1470 | D:2      | Noticed Natasha
  1482 | D:2      | Killed from afar by a white imp

Illustrated notes

Levels and vault maps discovered:
D:1:      dpeg_arrival_prison, layout_basic, corexii_corridor_pit
D:2:      layout_rooms, uniq_natasha

Skill      XL: |  1  2  3 |
---------------+----------+-----
Axes           | 3 4 |  4.5
Fighting       | 2 |  2.5
Armour         | 2 |  2.3
Throwing       | |  1.0
Dodging        | |  1.0
Unarmed Combat | |  3.2
Evocations     | |  1.0

Action                   |  1- 3 |  4- 6 || total
-------------------------+-------+-------++-------
Melee: Spear             |   129 |    32 ||   161
  Use: Potion            |       |     1 ||     1
Armor: Scale mail        |    40 |    22 ||    62
Dodge: Dodged            |    36 |    15 ||    51
